AoeStats
← hugo94

Arena

506460154Analyzed
3v3 RM · 17d ago on Sep 13, 2026· 47m 53s· 6 players
Game mode
Random Map
Map size
Normal (6 player)
Population
200
Speed
Normal
Resources
Standard
Victory
Conquest
Starting age
Dark Age
Ending age
Imperial Age
RankedLock teamsTeams togetherTeam positionsShared explorationLock speedFull tech treeHidden civsTurbo modeCheats
Victory
Defeat
🇳🇱 Persians · Netherlands
766
+25
🇳🇱 Wei · Netherlands
735
+19
🇳🇱 Goths · Netherlands
735
+19
🇷🇴 Vietnamese · Romania
867
-21
🇧🇴 Magyars · Bolivia
798
-18
🇨🇴 Malay · Colombia
751
-17
Juanes22
11:29 Feudal Age
14:04 Loom
20:49 Castle Age
23:28 Double-Bit Axe
23:29 Horse Collar
23:43 Gold Mining
24:19 Treadmill Crane
26:24 Wheelbarrow
25:53 Heavy Plow
26:08 Bow Saw
30:54 Imperial Age
29:58 Hand Cart
31:03 Forging
30:39 Pikeman
32:12 Halberdier
32:53 Squires
32:38 Arson
33:27 Ballistics
33:43 Man-at-Arms
36:21 Chemistry
35:12 Heated Shot
35:00 Long Swordsman
39:27 Two-Handed Swordsman
40:14 Stone Mining
42:10 Siege Engineers
45:14 Iron Casting
Czar
1:03 Loom
11:13 Feudal Age
12:29 Wheelbarrow
11:57 Double-Bit Axe
12:51 Horse Collar
24:01 Castle Age
21:55 Stone Mining
25:20 Hand Cart
25:17 Bow Saw
30:12 Corvinian Army
31:43 Bloodlines
31:48 Husbandry
39:56 Imperial Age
38:30 Scale Barding Armor
41:43 Two-Man Saw
40:45 Heavy Plow
41:21 Elite Magyar Huszar
43:13 Chain Barding Armor
GRPo
1:33 Loom
10:01 Feudal Age
10:57 Horse Collar
11:05 Double-Bit Axe
11:17 Gold Mining
18:23 Castle Age
16:27 Fletching
19:42 Wheelbarrow
20:09 Stone Mining
20:33 Bow Saw
20:27 Heavy Plow
20:50 Elite Skirmisher
23:22 Padded Archer Armor
22:49 Crossbowman
24:31 Thumb Ring
25:02 Arson
25:17 Squires
26:39 Ballistics
26:17 Murder Holes
27:13 Stone Shaft Mining
27:22 Treadmill Crane
30:26 Hand Cart
29:57 Town Watch
31:31 Bodkin Arrow
31:51 Leather Archer Armor
31:48 Forging
34:51 Chatras
35:43 Husbandry
35:54 Bloodlines
37:35 Fortified Wall
39:07 Pikeman
42:32 Imperial Age
40:08 Town Patrol
40:00 Heated Shot
43:36 Paper Money
43:56 Hoardings
42:59 Halberdier
43:41 Imperial Skirmisher
44:33 Scale Mail Armor
45:55 Capped Ram
47:42 Chemistry
46:48 Siege Engineers
hugo94
11:41 Feudal Age
16:00 Castle Age
13:51 Horse Collar
14:11 Double-Bit Axe
15:28 Gold Mining
15:41 Stone Mining
19:02 Bow Saw
18:54 Heavy Plow
20:04 Wheelbarrow
22:18 Hand Cart
24:10 Gold Shaft Mining
24:12 Stone Shaft Mining
25:19 Scale Barding Armor
25:26 Forging
25:53 Town Watch
25:54 Loom
29:49 Imperial Age
28:06 Town Patrol
28:54 Chain Barding Armor
29:11 Iron Casting
30:25 Elite Tiger Cavalry
32:24 Ming Guang Armor
33:02 Hoardings
33:32 Blast Furnace
43:18 Crop Rotation
46:48 Fletching
46:58 Padded Archer Armor
47:57 Parthian Tactics
47:40 Thumb Ring
jannusodb
12:28 Feudal Age
17:18 Castle Age
15:04 Loom
15:54 Wheelbarrow
18:28 Horse Collar
18:36 Double-Bit Axe
18:43 Gold Mining
23:51 Stone Mining
27:09 Bow Saw
27:08 Heavy Plow
28:01 Squires
28:06 Scale Mail Armor
29:07 Hand Cart
30:52 Stone Shaft Mining
30:34 Anarchy
31:37 Murder Holes
32:15 Ballistics
33:27 Forging
33:33 Chain Mail Armor
36:13 Imperial Age
38:13 Chemistry
37:20 Perfusion
37:41 Conscription
37:00 Elite Huskarl
39:48 Pikeman
41:07 Iron Casting
41:50 Halberdier
45:48 Blast Furnace
thed94
4:26 Loom
15:28 Feudal Age
21:45 Castle Age
20:22 Wheelbarrow
19:48 Double-Bit Axe
20:28 Scale Barding Armor
21:10 Forging
21:22 Horse Collar
24:00 Iron Casting
33:01 Kamandaran
33:47 Fletching
33:58 Padded Archer Armor
33:38 Crossbowman
41:13 Hand Cart
43:01 Thumb Ring
43:19 Thumb Ring
43:39 Bodkin Arrow
Connection lost

Rejoining the realm…

Still unreachable

The connection could not be restored.

Session expired

The server has moved on; the page needs a fresh start.